 Dungeon Crawl Stone Soup version 0.28-a0-691-gad6df49 (webtiles) character file.

Game seed: 18033462856277457545

11 Geeful the Skirmisher (level 2, 11/24 HPs)
             Began as a Demonspawn Monk on Oct 20, 2021.
             Got out of the dungeon alive.
             The game lasted 00:01:08 (673 turns).

Geeful the Skirmisher (Demonspawn Monk)              Turns: 673, Time: 00:01:08

Health: 11/24      AC:  2    Str: 11    XL:     2   Next: 17%
Magic:  2/2        EV: 13    Int: 11    God:
Gold:   10         SH:  0    Dex: 15    Spells: 1/1 levels left

rFire   . . .      SeeInvis .     - Unarmed
rCold   . . .      Faith    .   (no shield)
rNeg    . . .      Spirit   .   a - +0 robe
rPois   .          Reflect  .   (helmet restricted)
rElec   .          Harm     .   (no cloak)
rCorr   .          Rampage  .   (no gloves)
Will    .....                   (no boots)
Stlth   ++........              (no amulet)
HPRegen 0.08/turn               (no ring)
MPRegen 0.08/turn               (no ring)

@: no status effects
A: antennae 1
a: no special abilities


You escaped.
You visited 1 branch of the dungeon, and saw 1 of its levels.

You collected 10 gold pieces.

Inventory:

Armour
 a - a +0 robe (worn)
Potions
 b - a potion of might {unknown}


   Skills:
 + Level 3.1 Fighting
 + Level 0.5 Armour
 + Level 2.8 Dodging
 - Level 1.7 Stealth
 + Level 2.9 Unarmed Combat


You had one spell level left.
You didn't know any spells.
Your spell library was empty.

Dungeon Overview and Level Annotations

Branches:
Dungeon (1/15)

Altars:


Innate Abilities, Weirdness & Mutations

You have a pair of small antennae on your head.


Message History

You hit the rat.
The rat is severely wounded.
The rat bites you but does no damage.
You barely miss the rat.
The rat is severely wounded.
The rat bites you but does no damage.
You hit the rat.
The rat is severely wounded.
The rat misses you.
You hit the rat.
You kill the rat!
You hit the goblin.
You kill the goblin!
Things that are here:
a +0 dagger; a rat corpse; a ball python corpse A giant cockroach comes into view.
Found a scroll labelled MIOT YRIAMME.
You hit the giant cockroach.
The giant cockroach is moderately wounded.
The giant cockroach barely misses you.
You hit the giant cockroach but do no damage.
The giant cockroach is moderately wounded.
The giant cockroach barely misses you.
You barely miss the giant cockroach.
The giant cockroach is moderately wounded.
The giant cockroach barely misses you. The giant cockroach bites you.
* * * LOW HITPOINT WARNING * * *
You barely miss the giant cockroach. Your punch misses the giant cockroach.
The giant cockroach is moderately wounded.
The giant cockroach barely misses you.
You hit the giant cockroach.
You kill the giant cockroach!
You see here a giant cockroach corpse.
Found a dagger.
(D) Dungeon
Where to? (Enter - D:1 @ (x,y), ? - help)
You see here a +0 short sword.
There is a staircase leading out of the dungeon here.
Are you sure you want to leave the Dungeon?
This will make you lose the game!
You have escaped!

..#
########.##+#####
#......#........#
#.####.#........#
#.#.@#.#........#
#....#.#......(.>
.######.#.........
........#........#
.######...########
..######...#####
..............###
##.#..............
#.....##..#......


There were no monsters in sight!

Vanquished Creatures
  A bat (D:1)
  An endoplasm (D:1)
  A giant cockroach (D:1)
  2 goblins (D:1)
  A kobold (D:1)
  2 ball pythons (D:1)
  A frilled lizard (D:1)
  A rat (D:1)
10 creatures vanquished.

Notes
Turn   | Place    | Note
-------+----------+-------------------------------------------
     0 | D:1      | Geeful the Demonspawn Monk began the quest for the Orb.
     0 | D:1      | Reached XP level 1. HP: 18/18 MP: 1/1
   589 | D:1      | Gained mutation: You have a pair of small antennae on your
                  | head. [demonic ancestry]
   589 | D:1      | Reached XP level 2. HP: 8/24 MP: 2/2
   673 | D:$      | Got out of the dungeon alive.

Illustrated notes

Levels and vault maps discovered:
D:1:      zelgadis_glass_arrival_small, layout_basic, minmay_misc_feat_rugged,
          minmay_misc_feat_four_crosses, chequers_big_river, minmay_pentomino_r4

Action                   || total
-------------------------++-------
Melee: Unarmed           ||    43
       Punch             ||     1
Armor: Robe              ||     7
Dodge: Dodged            ||    15

Table legend: (Time is in decaauts)
 A = Elapsed time spent in this place.
 B = Non-inter-level travel time spent in this place.
 C = Inter-level travel time spent in this place.
 D = Time resting spent in this place.
 E = Time spent auto-exploring this place.
 F = Levels seen in this place.
 G = Mean time per level.
                   A        B        C        D        E       F      G
               +--------+--------+--------+--------+--------+-----+--------+
         Total |    670 |    612 |     58 |      0 |    520 |   1 |  670.0 |
       Dungeon |    670 |    612 |     58 |      0 |    520 |   1 |  670.0 |
               +--------+--------+--------+--------+--------+-----+--------+

Top non-repeatable levels by time:
     D:1: 670 daAuts
